 Dungeon Crawl Stone Soup version 0.19.0-19-g8c6edcc (webtiles) character file.

5069 Leybi the Covert (level 10, -4/46 HPs)
             Began as a Vine Stalker Assassin on Nov 13, 2016.
             Was an Elder of Elyvilon.
             Slain by an unseen horror (7 damage)
             ... on level 10 of the Dungeon.
             The game lasted 00:31:21 (9478 turns).

Leybi the Covert (Vine Stalker Assassin)            Turns: 9478, Time: 00:31:22

Health: -4/46      AC:  9    Str: 15    XL:     10   Next: 56%
Magic:  0/11       EV: 18    Int: 11    God:    Elyvilon [****..]
Gold:   763        SH:  0    Dex: 18    Spells: 0 memorised, 9 levels left

rFire  . . .     SeeInvis .     y - +2 dagger (protect)
rCold  . . .     Gourm    .     c - +0 robe
rNeg   . . .     Faith    .     (no shield)
rPois  .         Spirit   +     E - +0 hat
rElec  .         Reflect  .     d - +0 cloak
rCorr  .         Harm     .     r - +2 pair of gloves
MR     +....                    l - +2 pair of boots
Stlth  +++++.....               (no amulet)
                                (no ring)
                                (no ring)

@: no status effects
A: fangs 3, regeneration 1, magic shield, antimagic bite, no device heal 3, rot
immunity
a: Lesser Healing, Heal Other, Purification, Greater Healing, Divine Protection,
Renounce Religion


You were on level 10 of the Dungeon.
You worshipped Elyvilon.
Elyvilon was greatly pleased with you.
You were hungry.

You visited 2 branches of the dungeon, and saw 11 of its levels.

You collected 763 gold pieces.

Inventory:

Hand Weapons
 a - a +2 dagger
 b - a +0 blowgun
 y - a +2 dagger of protection (weapon)
 R - a +0 rapier
Missiles
 e - 56 poisoned needles
 f - 2 curare-tipped needles
Armour
 c - a +0 robe (worn)
 d - a +0 cloak (worn)
 l - a +2 pair of boots (worn)
 m - a +0 shield
 r - a +2 pair of gloves (worn)
 E - a +0 hat (worn)
 M - a +1 ring mail of fire resistance
 P - the +2 cloak of Qoghavu {rElec MR- Int+4}
   (You found it on level 10 of the Dungeon)

   It affects your intelligence (+4).
   It insulates you from electricity.
   It affects your resistance to hostile enchantments.
Wands
 v - a wand of slowing (25/48)
 C - a wand of iceblast (4/15)
 O - a wand of disintegration (15/24)
Scrolls
 h - a scroll of recharging {unknown}
 n - 3 scrolls of immolation {unknown}
 o - 7 scrolls of identify
 q - a scroll of noise {unknown}
 s - 2 scrolls of remove curse
 z - 2 scrolls of amnesia {unknown}
 F - 2 scrolls of teleportation {unknown}
 H - a scroll of magic mapping {unknown}
 K - a scroll of fog {unknown}
 L - a scroll of enchant weapon {unknown}
 N - a scroll of blinking {unknown}
 Q - a scroll of summoning {unknown}
Potions
 i - 2 potions of cure mutation {unknown}
 k - a potion of beneficial mutation {unknown}
 p - 3 potions of might {unknown}
 t - 2 potions of magic {unknown}
 u - 3 potions of agility {unknown}
 A - a potion of invisibility {unknown}
 D - 4 potions of curing {unknown}
 G - 2 potions of flight {unknown}
 J - 2 potions of brilliance {unknown}
Books
 I - a book of Minor Magic

   Spells                             Type                      Level
   a - Magic Dart                     Conjuration                  1
   b - Blink                          Translocation                2
   c - Call Imp                       Summoning                    2
   d - Repel Missiles                 Charms/Air                   2
   e - Slow                           Hexes                        2
   f - Conjure Flame                  Conjuration/Fire             3
   g - Mephitic Cloud                 Conjuration/Poison/Air       3
Comestibles
 g - 4 bread rations
 j - 3 beef jerkies
 w - 9 fruits
 x - 5 meat rations
 B - a slice of pizza


   Skills:
 + Level 1.7 Fighting
 - Level 8.9 Short Blades
 - Level 1.7 Throwing
 - Level 8.4 Dodging
 - Level 10.1 Stealth


You had 9 spell levels left.
You didn't know any spells.

Dungeon Overview and Level Annotations

Branches:
Dungeon (10/15)            Temple (1/1) D:5
   Lair: D:8-11         Orc: D:9-12

Altars:
Ashenzari
Cheibriados
Dithmenos
Elyvilon
Fedhas
Gozag
Hepliaklqana
Kikubaaqudgha
Makhleb
Nemelex Xobeh
Okawaru
Qazlal
Ru
Sif Muna
Trog
Uskayaw
Vehumet
Xom
Yredelemnul
Zin
The Shining One
Beogh

Shops:
D:8 !

Annotations:
D:2 1 runed door


Innate Abilities, Weirdness & Mutations

You have razor-sharp teeth.
Your natural rate of healing is unusually fast.
When hurt, damage is shared between your health and your magic reserves.
Your bite disrupts and absorbs the magic of your enemies.
Potions and wands cannot restore your health.
You are immune to rotting.


Message History

Something hits you but does no damage. Something barely misses you.
Something hits you.
* * * LOW HITPOINT WARNING * * *
You miss something. Something hits you.
* * * LOW HITPOINT WARNING * * *
Something hits you but does no damage. Something completely misses you.
Something hits you!
* * * LOW HITPOINT WARNING * * *
Something hits you.
* * * LOW HITPOINT WARNING * * *
Something hits you but does no damage. Something hits you but does no damage.
Something hits you. Something closely misses you. Something hits you.
* * * LOW HITPOINT WARNING * * *
Something hits you!
You die...

..#....................'.......#
..#....####..#######.###.......#
.##....####..#######.#.........#
.#...................#.........#
.#.............[.....#.:...##..#
.#...................#.....##..#
.#################'###.........#
...............................#
................@........).....#
..............##...............#
..##..........##..........#....#
..##...####....................#
.......# #..................>.#
.......####....................#
...............................#
################################


There were no monsters in sight!

Vanquished Creatures
  Nergalle (D:10)
  The ghost of Gekot the Thaumaturge, a novice DEFE of Vehumet (D:8)
  Grinder (D:3)
  2 hungry ghosts (D:8)
  A sky beast (D:8)
  An ice beast (D:8)
  2 orc warriors
  2 phantoms
  A necrophage (D:7)
  2 black bears
  3 ogres
  5 centaurs
  2 big kobolds
  5 bullfrogs
  2 gnoll sergeants (D:7)
  3 scorpions
  4 killer bees
  A howler monkey (D:4)
  A bullfrog zombie (D:7)
  5 hounds
  5 orc priests
  A jelly (D:8)
  A bullfrog skeleton (D:5)
  4 orc wizards
  9 worker ants
  A killer bee zombie (D:9)
  A hound zombie (D:8)
  14 adders
  15 gnolls
  A shadow imp (D:8)
  3 adder skeletons
  2 adder zombies
  4 worms
  3 dart slugs
  6 leopard geckos
  33 orcs
  3 giant cockroaches
  4 hobgoblins
  7 jackals
  17 kobolds
  3 quokkas
  2 ball pythons
  7 bats
  2 frilled lizards
  9 goblins
  A jackal skeleton (D:4)
  A leopard gecko skeleton (D:9)
  A quokka skeleton (D:9)
  12 rats
217 creatures vanquished.

Notes
Turn   | Place    | Note
-------+----------+-------------------------------------------
     0 | D:1      | Leybi the Vine Stalker Assassin began the quest for the Orb.
     0 | D:1      | Reached XP level 1. HP: 11/11 MP: 2/2
    37 | D:1      | Reached skill level 1 in Dodging
    37 | D:1      | Reached skill level 5 in Stealth
    37 | D:1      | Reached XP level 2. HP: 15/15 MP: 3/3
   280 | D:1      | Reached XP level 3. HP: 17/18 MP: 4/4
   788 | D:2      | Found a runed door.
  1267 | D:2      | Gained mutation: Your natural rate of healing is unusually fast. [Vine Stalker growth]
  1267 | D:2      | Reached XP level 4. HP: 20/23 MP: 5/5
  1333 | D:2      | Reached skill level 6 in Stealth
  1562 | D:2      | Found a bloodstained altar of Trog.
  2042 | D:3      | Reached XP level 5. HP: 26/26 MP: 6/6
  2231 | D:3      | Noticed Grinder
  2681 | D:3      | Paralysed by Grinder for 2 turns
  2963 | D:3      | Paralysed by Grinder for 3 turns
  3026 | D:3      | Killed Grinder
  3026 | D:3      | Reached skill level 7 in Stealth
  3026 | D:3      | Reached XP level 6. HP: 24/30 MP: 7/7
  3130 | D:4      | Reached skill level 8 in Stealth
  3158 | D:4      | Reached XP level 7. HP: 34/34 MP: 8/8
  3752 | D:4      | Reached skill level 9 in Stealth
  3882 | D:5      | Entered Level 5 of the Dungeon
  4155 | D:5      | Gained mutation: You have razor-sharp teeth. [Vine Stalker growth]
  4155 | D:5      | Reached XP level 8. HP: 38/38 MP: 9/9
  4334 | D:5      | Found a staircase to the Ecumenical Temple.
  4341 | Temple   | Entered the Ecumenical Temple
  4448 | Temple   | Became a worshipper of Elyvilon the Healer
  4904 | D:6      | Reached skill level 10 in Stealth
  4955 | D:6      | Reached * piety under Elyvilon
  5455 | D:7      | Noticed an angel
  5455 | D:7      | Found a shimmering altar of Xom.
  5455 | D:7      | Found a glowing silver altar of Zin.
  5530 | D:7      | Reached skill level 5 in Short Blades
  5545 | D:7      | Found an iron altar of Okawaru.
  5725 | D:7      | Reached ** piety under Elyvilon
  5919 | D:7      | Reached skill level 5 in Dodging
  5919 | D:7      | Reached XP level 9. HP: 42/42 MP: 10/10
  6346 | D:7      | Found an opulent altar of Gozag.
  6455 | D:8      | Found Tologaot's Distillery.
  6563 | D:8      | Noticed Gekot's ghost (novice DEFE)
  6605 | D:8      | Killed Gekot's ghost
  7069 | D:8      | Reached *** piety under Elyvilon
  7400 | D:8      | Reached XP level 10. HP: 46/46 MP: 11/11
  7714 | D:9      | Found a sparkling altar of Nemelex Xobeh.
  7714 | D:9      | Found a deep blue altar of Sif Muna.
  7714 | D:9      | Found a shattered altar of Ashenzari.
  7715 | D:9      | Found an ancient bone altar of Kikubaaqudgha.
  7785 | D:9      | Found a burning altar of Makhleb.
  8607 | D:9      | Found a roughly hewn altar of Beogh.
  8994 | D:10     | Entered Level 10 of the Dungeon
  9020 | D:10     | Reached **** piety under Elyvilon
  9038 | D:10     | Noticed Nergalle
  9061 | D:10     | Killed Nergalle
  9316 | D:10     | Got a smoking cloak
  9319 | D:10     | Identified the +2 cloak of Qoghavu {rElec MR- Int+4} (You found it on level 10 of the Dungeon)
  9366 | D:10     | Found a shimmering altar of Xom.
  9367 | D:10     | Found a shimmering altar of Xom.
  9367 | D:10     | Found a shimmering altar of Xom.
  9368 | D:10     | Found a shimmering altar of Xom.
  9387 | D:10     | Found a shimmering altar of Xom.
  9463 | D:10     | HP: 2/46 [something (7)]
  9478 | D:10     | Slain by an unseen horror

Skill      XL: |  1  2  3  4  5  6  7  8  9 10 |
---------------+-------------------------------+-----
Short Blades   | 2 3 4 5 8 |  8.9
Dodging        | 1 2 3 5 7 8 |  8.4
Stealth        | 5 6 7 8 9 10 | 10.1
Fighting       | |  1.7
Throwing       | |  1.7

Action                   |  1- 3 |  4- 6 |  7- 9 | 10-12 || total
-------------------------+-------+-------+-------+-------++-------
Melee: Dagger            |    65 |   155 |   509 |   279 ||  1008
       Bite              |    12 |    39 |   179 |   101 ||   331
  Use: Scroll            |       |     1 |     2 |     2 ||     5
 Stab: Sleeping          |    15 |    17 |    23 |     5 ||    60
       Distracted        |       |     1 |     2 |       ||     3
  Eat: Chunk             |     1 |     6 |    14 |     6 ||    27
       Royal jelly       |       |       |     1 |       ||     1
Armor: Robe              |    13 |    41 |   113 |   103 ||   270
Dodge: Dodged            |    33 |    65 |   259 |   216 ||   573
